 Dungeon Crawl Stone Soup version 0.27.0-1-g7a089689b8 (webtiles) character file.

Game seed: 7709454771791770837

47 Acheron the Skirmisher (level 3, -9/29 HPs)
             Began as a Demonspawn Abyssal Knight on July 31, 2021.
             Was a Follower of Lugonu.
             Mangled by Sigmund (10 damage)
             ... on level 2 of the Dungeon.
             The game lasted 00:08:04 (1796 turns).

Acheron the Skirmisher (Demonspawn Abyssal Knight)  Turns: 1796, Time: 00:08:08

Health: -9/29      AC:  3    Str: 10    XL:     3   Next: 48%
Magic:  5/5        EV: 11    Int: 13    God:    Lugonu [*.....]
Gold:   50         SH:  0    Dex: 13    Spells: 2/2 levels left

rFire    . . .     SeeInvis .   a - +1 hand axe
rCold    . . .     Faith    .   (no shield)
rNeg     . . .     Spirit   .   b - +0 leather armour
rPois    +         Reflect  .   (helmet restricted)
rElec    .         Harm     .   (no cloak)
rCorr    .         Rampage  .   (no gloves)
Will     .....                  (no boots)
Stlth    +.........             (no amulet)
HPRegen  0.09/turn              (no ring)
MPRegen  0.09/turn              (no ring)

@: no status effects
A: claws 1, antennae 1, poison resistance, weak 1
a: Renounce Religion, Depart the Abyss


You were on level 2 of the Dungeon.
You worshipped Lugonu.
Lugonu was aware of your devotion.
You visited 1 branch of the dungeon, and saw 4 of its levels.
You visited the Abyss 1 time.

You collected 50 gold pieces.

Inventory:

Hand Weapons
 a - a +1 hand axe (weapon)
Missiles
 l - 6 poisoned darts (quivered)
Armour
 b - a +0 leather armour (worn)
 m - a +0 helmet
Magical Staves
 e - a staff of fire
Jewellery
 h - an amulet of faith
Scrolls
 c - 2 scrolls of identify
 i - a scroll of immolation


   Skills:
 * Level 3.5 Fighting
 * Level 2.4 Axes
 * Level 2.1 Armour
 * Level 1.2 Dodging
 * Level 0.1 Stealth
 * Level 2.8 Invocations


You had 2 spell levels left.
You didn't know any spells.
Your spell library contained the following spells:

 Spells                   Type           Power      Damage    Failure   Level
 Conjure Flame            Conj/Fire      0%         6-21      77%         3
 Ignite Poison            Fire/Tmut/Pois 0%         N/A       77%         3
 Sticky Flame             Conj/Fire      0%         2d3       99%         4


Dungeon Overview and Level Annotations

Branches:
Dungeon (4/15)
 Temple: D:4-7

Altars:

Annotations:
D:1 1 runed translucent door
D:2 Sigmund


Innate Abilities, Weirdness & Mutations

You have sharp fingernails.
You have a pair of small antennae on your head.
Your system is resistant to poisons. (rPois)
You are weak. (Str -2)


Message History

Throw: 7 darts (poison)
Press: ? - help, Q - select action, (/) - cycle Shift-Dir - straight line, f - you
Okay, then.
You aren't carrying any potions.
As you read the scroll labelled SAZONGOLOE, it crumbles to dust.
It is a scroll of identify.
i - a scroll of immolation A magic dart appears from out of thin air!
The magic dart hits you but does no damage.
As you read the scroll labelled QALIENOETSO, it crumbles to dust.
You feel a strange sense of stasis.
It was a scroll of teleportation.
Your transformation is almost over.
Something hits you. Something hits you but does no damage. Something hits you!
As you read the scroll labelled MYETUH HIBLI, it crumbles to dust.
You speak a Word of immense power!
You are blasted by holy energy!
* * * LOW HITPOINT WARNING * * *
It was a scroll of holy word.
Something hits you but does no damage.
You cannot move.
You cannot move.
You cannot move.
You cannot move.
You cannot move.
You cannot move.
You cannot move.
Something hits you but does no damage. Something hits you but does no damage.
Something hits you but does no damage. Something hits you!
* * * LOW HITPOINT WARNING * * *
You cannot move.
You aren't carrying any potions.
Throw: 7 darts (poison)
Press: ? - help, Q - select action, (/) - cycle Shift-Dir - straight line You throw a poisoned dart.
You feel less wooden.
Your +0 leather armour unmelds from your body.
Something hits you!
You die...

###..#####....8.
#..........##...
#..###########.#
#..# #.#.. #.(#
##.#. #.(##
#.#.# ###(.(#
###.. #.({#.#
##.. #@#...#
#... #.#..##
##... #.#..#
#.... #.#...
#...# #.##.##
#..#. #.# .#
#.### #.# .#
##.# #.# ###


There were no monsters in sight!

Vanquished Creatures
  An adder (D:3)
  6 ball pythons
  2 bats
  4 endoplasms
  A giant cockroach (D:3)
  4 goblins
  5 hobgoblins
  2 quokkas (D:1)
  A frilled lizard (D:2)
  4 kobolds
  4 rats
34 creatures vanquished.

Notes
Turn   | Place    | Note
-------+----------+-------------------------------------------
     0 | Abyss:1  | Acheron the Demonspawn Abyssal Knight began the quest for
                  | the Orb.
     0 | Abyss:1  | Reached XP level 1. HP: 18/18 MP: 2/2
    39 | Abyss:1  | Found a corrupted altar of Lugonu.
    50 | Abyss:1  | Noticed a small abomination
    52 | D:1      | Escaped the Abyss
   285 | D:1      | Found a runed translucent door.
   406 | D:1      | Reached skill level 1 in Dodging
   694 | D:1      | Gained mutation: You have sharp fingernails. [demonic
                  | ancestry]
   694 | D:1      | Reached XP level 2. HP: 22/24 MP: 3/3
   780 | D:1      | Found a faded altar of an unknown god.
   832 | D:1      | Reached * piety under Lugonu
  1137 | D:3      | Reached XP level 3. HP: 26/29 MP: 5/5
  1758 | D:2      | Noticed Sigmund
  1764 | D:2      | Gained mutation: You are weak. (Str -2) [potion of
                  | mutation]
  1764 | D:2      | Gained mutation: Your system is resistant to poisons.
                  | (rPois) [potion of mutation]
  1764 | D:2      | Gained mutation: You have a pair of small antennae on your
                  | head. [potion of mutation]
  1795 | D:2      | HP: 1/43 [something (8)]
  1796 | D:2      | Mangled by Sigmund

Illustrated notes

Levels and vault maps discovered:
D:1:      dpeg_arrival_caged_fury, layout_basic, ebering_ecumenical_altar_mist
D:2:      wad_crossroads, layout_loops_ring, minmay_tromino_i4, uniq_sigmund
D:3:      layout_basic, serial_bayou_pond_d, kennysheep_jessica_study
D:4:      layout_layer_cave

Skill      XL: |  1  2 |
---------------+-------+-----
Dodging        | 1 |  1.2
Axes           | 2 |  2.4
Armour         | 2 |  2.1
Fighting       | |  3.5
Stealth        | |  0.1
Invocations    | |  2.8

Action                   || total
-------------------------++-------
Melee: Hand axe          ||   120
Throw: Dart              ||    12
       Javelin           ||     3
Invok: Depart the Abyss  ||     1
  Use: Potion            ||     4
       Scroll            ||     3
Armor: Leather armour    ||    39
       Skin              ||    22
Dodge: Dodged            ||   107
